 Dungeon Crawl Stone Soup version 0.29-a0-207-gf982a884d8 (webtiles) character file.

Game seed: 8060254709487901312

2935 iguanaiguana the Party-goer (level 9, -2/109 HPs)
             Began as a Palentonga Warper on Feb 23, 2022.
             Was a Believer of Uskayaw.
             Slain by a vampire mosquito (5 damage)
             ... on level 7 of the Dungeon.
             The game lasted 00:22:49 (9828 turns).

iguanaiguana the Party-goer (Palentonga Warper)     Turns: 9828, Time: 00:22:50

Health: -2/109     AC: 24    Str: 18    XL:     9   Next: 51%
Magic:  15/15      EV:  1    Int: 13    God:    Uskayaw [**....]
Gold:   392        SH:  0    Dex: 17    Spells: 10/12 levels left

rFire   + . .      SeeInvis +   a - +0 hand axe
rCold   . . .      Faith    .   (no shield)
rNeg    . . .      Spirit   .   (body armour currently unavailable)
rPois   +          Reflect  .   (helmet currently unavailable)
rElec   .          Harm     .   (cloak currently unavailable)
rCorr   .          Rampage  .   (gloves currently unavailable)
Will    .....      NoTele   +   (no barding)
Stlth   ++........              (no amulet)
HPRegen 0.28/turn               m - ring of protection from fire
MPRegen 0.14/turn               c - +6 ring of dexterity

@: tree-form
A: stationary, stasis, torment immunity, boosted hp, large, rugged brown scales
3, see invisible, (deformed body), (roll 1), (armoured tail), (reflexive curl)
a: Renounce Religion, Stomp, Line Pass


You were on level 7 of the Dungeon.
You worshipped Uskayaw.
Uskayaw was aware of your devotion.
You were a tree.
You visited 1 branch of the dungeon, and saw 7 of its levels.

You collected 392 gold pieces.

Inventory:

Hand Weapons
 a - a +0 hand axe (weapon)
Missiles
 d - 3 boomerangs of dispersal (quivered)
 j - a throwing net
 k - a boomerang
Armour
 b - a scarf of shadows (melded)
 f - a +2 robe of willpower (melded)
Jewellery
 c - a +6 ring of dexterity (right branch)
 m - a ring of protection from fire (left branch)
Wands
 o - a wand of polymorph (2)
Scrolls
 i - 2 scrolls of teleportation {@r3}
 l - a scroll of fear {unknown}
 u - 3 scrolls of magic mapping {@r5}
 w - a scroll of summoning {unknown}
 z - a scroll of fog {unknown}
Potions
 g - a potion of flight
 h - a potion of magic
 p - a potion of degeneration
 s - a potion of experience {unknown}
 t - a potion of mutation {unknown}
 v - 2 potions of attraction
 x - a potion of cancellation {unknown}


   Skills:
 + Level 5.8 Fighting
 * Level 8.1 Axes
 - Level 0.6 Throwing
 - Level 0.8 Armour
 - Level 1.6 Dodging
 - Level 2.0 Spellcasting
 * Level 5.6 Translocations
 * Level 8.3 Invocations


You had 10 spell levels left.
You knew the following spells:

 Your Spells              Type           Power      Damage    Failure   Level
a - Blink                 Tloc           30%        N/A       3%          2

Your spell library contained the following spells:

 Spells                   Type           Power      Damage    Failure   Level
 Gell's Gravitas          Tloc           15%        N/A       8%          3
 Lesser Beckoning         Tloc           15%        N/A       8%          3
 Teleport Other           Tloc           15%        N/A       8%          3
 Magic Dart               Conj           4%         1d3       26%         1
 Corpse Rot               Necr/Air       2%         N/A       36%         2
 Poisonous Vapours        Pois/Air       2%         N/A       36%         2
 Searing Ray              Conj           2%         2d4       36%         2
 Manifold Assault         Tloc           15%        N/A       56%         5
 Fulminant Prism          Conj/Hex       0%         3d6       94%         4
 Freezing Cloud           Conj/Ice/Air   0%         6-21      100%        5
 Simulacrum               Ice/Necr       0%         N/A       100%        6
 Polar Vortex             Ice            0%         N/A       100%        9


Dungeon Overview and Level Annotations

Branches:
Dungeon (7/15)             Temple (0/1) D:6

Altars:
Elyvilon
Ru
Uskayaw


Innate Abilities, Weirdness & Mutations

You are a tree.
Your roots penetrate the ground, keeping you stationary.
You cannot be teleported.
You are immune to unholy pain and torment.
Your maximum health is greatly increased.
Your equipment is partially melded.
(You are completely covered in rugged brown scales. (AC +3, +7% HP))
You have supernaturally acute eyesight. (SInv)
((Armour fits poorly on your strangely shaped body.))
((You can roll at nearby foes to attack.))
((You have a long armoured tail.))
((You curl defensively after being hit. (AC +7*)))


Message History

Okay, then.
Okay, then.
Really quaff the potion of lignification?
You turn into a tree.
Your scarf of shadows melds into your body.
Your +2 robe of willpower melds into your body.
The dungeon's light returns to normal.
You feel less strong-willed.
Your roots penetrate the ground.
The vampire mosquito bites you but does no damage.
The vampire mosquito bites you.
* * * LOW HITPOINT WARNING * * *
The vampire mosquito draws strength from your injuries!
You hit the vampire mosquito.
The vampire mosquito is heavily damaged.
The vampire mosquito bites you.
* * * LOW HITPOINT WARNING * * *
The vampire mosquito draws strength from your injuries!
You can now pass through a line of other dancers.
You barely miss the vampire mosquito.
The vampire mosquito is heavily damaged.
The vampire mosquito bites you but does no damage. x2
You closely miss the vampire mosquito.
The vampire mosquito is heavily damaged.
The vampire mosquito bites you.
* * * LOW HITPOINT WARNING * * *
The vampire mosquito draws strength from your injuries!
The vampire mosquito bites you but does no damage.
You hit the vampire mosquito.
The vampire mosquito is heavily damaged.
The vampire mosquito bites you but does no damage.
You barely miss the vampire mosquito.
The vampire mosquito is heavily damaged.
The vampire mosquito bites you but does no damage. x2
You hit the vampire mosquito.
The vampire mosquito is severely damaged.
The vampire mosquito bites you!
* * * LOW HITPOINT WARNING * * *
The vampire mosquito draws strength from your injuries!
The vampire mosquito bites you.
You die...

...............# #(......
...............# #.######
...............# #.#..<..
.......÷.......# #.######
...............# #.# #
...............####.######
..........................
...............####.######
........y♣.....# #.# #
...............# #.# #
...)...........# #.######
.............# #.......
############## ########


You could see a vampire mosquito.

Vanquished Creatures
  A troll (D:6)
  Grinder (D:5)
  A fire bat (D:5)
  A wyvern (D:6)
  A steam dragon (D:7)
  2 vampire mosquitoes (D:7)
  2 water moccasins
  Duvessa (D:6)
  2 sky beasts
  3 ogres
  A phantom (D:4)
  A bullfrog (D:7)
  A scorpion (D:4)
  Dowan (D:6)
  A bullfrog zombie (D:5)
  A centaur zombie (D:6)
  5 hounds
  6 orc priests
  3 jellies
  A centaur skeleton (D:4)
  A bullfrog skeleton (D:6)
  2 iguanas
  An orc wizard (D:5)
  A hound zombie (D:5)
  11 gnolls
  4 adders (D:4)
  A shadow imp (D:6)
  A worm (D:5)
  2 dart slugs
  8 orcs
  14 endoplasms
  6 giant cockroaches
  3 hobgoblins
  A kobold (D:1)
  2 quokkas
  5 ball pythons
  5 bats
  3 frilled lizards
  3 rats
110 creatures vanquished.

Vanquished Creatures (others)
  A centaur skeleton (D:5)
  An iguana (D:5)
2 creatures vanquished.

Grand Total: 112 creatures vanquished

Notes
Turn   | Place    | Note
-------+----------+-------------------------------------------
     0 | D:1      | iguanaiguana the Palentonga Warper began the quest for the
                  | Orb.
     0 | D:1      | Reached XP level 1. HP: 17/17 MP: 3/3
   246 | D:1      | Found a faded altar of an unknown god.
   269 | D:1      | Prayed at the altar of an unknown god.
   269 | D:1      | Became a worshipper of Uskayaw the Reveller
   269 | D:1      | Reached * piety under Uskayaw
   285 | D:1      | Reached XP level 2. HP: 23/23 MP: 5/5
   368 | D:1      | Reached ** piety under Uskayaw
  1067 | D:2      | Reached XP level 3. HP: 29/29 MP: 6/6
  1282 | D:2      | Reached skill level 1 in Invocations
  1283 | D:2      | Reached *** piety under Uskayaw
  1284 | D:2      | Reached XP level 4. HP: 36/36 MP: 7/7
  2012 | D:3      | Reached XP level 5. HP: 33/42 MP: 8/8
  2596 | D:4      | Reached XP level 6. HP: 48/50 MP: 9/9
  4490 | D:5      | Entered Level 5 of the Dungeon
  4551 | D:4      | Reached skill level 5 in Axes
  4551 | D:4      | Gained mutation: You curl defensively after being hit. (AC
                  | +7*) [Palentonga growth]
  4551 | D:4      | Reached XP level 7. HP: 15/56 MP: 10/10
  4951 | D:5      | Reached skill level 5 in Invocations
  5355 | D:5      | Reached **** piety under Uskayaw
  5934 | D:4      | HP: 1/57 [ogre/+0 giant club (13)]
  5951 | D:4      | Reached XP level 8. HP: 11/65 MP: 2/12
  7212 | D:5      | Noticed Grinder
  7518 | D:6      | Noticed Dowan
  7847 | D:6      | Learned a level 2 spell: Blink
  7910 | D:6      | Reached skill level 5 in Fighting
  8036 | D:6      | Noticed Duvessa
  8047 | D:6      | Killed Duvessa
  8050 | D:6      | Killed Dowan
  8054 | D:6      | Noticed a troll
  8064 | D:6      | Killed a troll
  8069 | D:6      | Reached XP level 9. HP: 6/72 MP: 2/14
  8379 | D:5      | Found a sacrificial altar of Ru.
  8380 | D:5      | Found a white marble altar of Elyvilon.
  8433 | D:5      | Killed Grinder
  9075 | D:6      | Found a staircase to the Ecumenical Temple.
  9081 | D:6      | Reached skill level 5 in Translocations
  9431 | D:7      | Noticed Joseph
  9432 | D:7      | Noticed Joseph
  9432 | D:7      | Joseph changed into Joseph the water moccasin
  9444 | D:7      | Killed Joseph the water moccasin
  9828 | D:7      | HP: 3/109 [vampire mosquito (9)]
  9828 | D:7      | Slain by a vampire mosquito

Illustrated notes

Levels and vault maps discovered:
D:1:      nzn_arrival_depleted_hourglass, layout_basic,
          chequers_ecumenical_altar_simple
D:2:      layout_basic
D:3:      layout_basic, hangedman_decor_points
D:4:      layout_layer_cave, hex_large
D:5:      layout_cave_pools, mainiacjoe_overflow_divided_tiny,
          amcnicky_mini_pool_medium, uniq_grinder
D:6:      layout_basic, minmay_temple_entry_waves, minmay_misc_feat_alley,
          kennysheep_generic_room_11, uniq_duvessa
D:7:      layout_basic, abandoned_shop, uniq_amaemon, uniq_pikel, uniq_joseph,
          uniq_maggie

Skill      XL: |  1  2  3  4  5  6  7  8  9 |
---------------+----------------------------+-----
Axes           | 3 4 5 6 7 8 |  8.1
Invocations    | 1 2 3 4 6 7 8 |  8.3
Fighting       | 3 4 5 |  5.8
Translocations | 4 5 |  5.6
Throwing       | |  0.6
Armour         | |  0.8
Dodging        | |  1.6
Spellcasting   | |  2.0

Action                   |  1- 3 |  4- 6 |  7- 9 || total
-------------------------+-------+-------+-------++-------
Melee: Hand axe          |    73 |   171 |   245 ||   489
       Tailslap          |    12 |    25 |    45 ||    82
       Punch             |       |     6 |     6 ||    12
Throw: Boomerang         |       |     1 |     1 ||     2
Invok: Stomp             |     1 |     3 |     2 ||     6
       Line Pass         |       |       |     8 ||     8
 Abil: Rolling Charge    |    20 |    27 |    24 ||    71
Evoke: Wand              |     4 |     4 |    20 ||    28
  Use: Potion            |       |     2 |    10 ||    12
       Scroll            |       |       |     9 ||     9
 Stab: Paralysed         |     3 |     8 |    11 ||    22
       Invisible         |       |       |     3 ||     3
       Confused          |       |       |     1 ||     1
Armor: Ring mail         |    37 |       |       ||    37
       Scale mail        |     4 |    91 |    91 ||   186
       Skin              |       |       |    18 ||    18
       Robe              |       |       |    17 ||    17
Dodge: Dodged            |    29 |    63 |   123 ||   215

Table legend: (Time is in decaauts)
 A = Elapsed time spent in this place.
 B = Non-inter-level travel time spent in this place.
 C = Inter-level travel time spent in this place.
 D = Time resting spent in this place.
 E = Time spent auto-exploring this place.
 F = Levels seen in this place.
 G = Mean time per level.
                   A        B        C        D        E       F      G
               +--------+--------+--------+--------+--------+-----+--------+
         Total |   9866 |   9448 |    418 |   4373 |   3890 |   7 | 1409.4 |
       Dungeon |   9866 |   9448 |    418 |   4373 |   3890 |   7 | 1409.4 |
               +--------+--------+--------+--------+--------+-----+--------+

Top non-repeatable levels by time:
     D:4: 3999 daAuts
     D:5: 1343 daAuts
     D:6: 1253 daAuts
     D:2: 995 daAuts
     D:3: 936 daAuts
     D:1: 824 daAuts
     D:7: 513 daAuts
